 Dungeon Crawl Stone Soup version 0.21-a0-265-gb353147 (console) character file.

86856 removed the Cruncher (level 15, 145/145 HPs)
             Began as a Demigod Venom Mage on Sept 10, 2017.
             Quit the game on level 2 of the Orcish Mines.
             The game lasted 01:42:07 (31020 turns).

removed the Cruncher (Demigod Venom Mage)          Turns: 31020, Time: 01:42:08

Health: 145/145    AC: 15    Str: 11    XL:     15   Next: 2%
Magic:  32/32      EV: 20    Int: 29    God:
Gold:   2473       SH:  0    Dex: 14    Spells: 15/32 levels left

rFire    . . .     SeeInvis .   a - +3 lajatang (venom)
rCold    + . .     Gourm    .   (shield currently unavailable)
rNeg     . . .     Faith    .   G - +3 leather armour {rC+}
rPois    .         Spirit   .   (helmet restricted)
rElec    .         Reflect  .   L - scarf {repulsion}
rCorr    .         Harm     .   X - +1 pair of gloves
MR       +....     Rnd*Rage +   E - +2 pair of boots
Stlth    +.........             C - amulet of regeneration
HPRegen  0.74/turn              V - +4 ring of protection
MPRegen  0.23/turn              n - +4 ring of evasion

@: drained, repel missiles
A: antennae 1, berserk 1, clumsy 1, high mp 1, robust 1
a: no special abilities


You were on level 2 of the Orcish Mines.
You were not hungry.

You visited 3 branches of the dungeon, and saw 20 of its levels.
You also visited: Ossuary.

You collected 2517 gold pieces.
You spent 44 gold pieces at shops.

Inventory:

Hand Weapons
 a - a +3 lajatang of venom (weapon)
 g - a +0 blowgun
Missiles
 d - 2 curare-tipped needles
 J - 5 throwing nets (quivered)
Armour
 E - a +2 pair of boots (worn)
 G - a +3 leather armour of cold resistance (worn)
 L - a scarf of repulsion (worn)
 T - a +2 helmet
 X - a +1 pair of gloves (worn)
Magical Staves
 b - an uncursed staff of death
 c - an uncursed staff of conjuration
Jewellery
 i - an uncursed ring of see invisible
 n - a +4 ring of evasion (right hand)
 v - an uncursed ring of protection from cold
 w - an uncursed ring of wizardry
 C - an amulet of regeneration (around neck)
 H - the ring "Zetzoy Memix" {rElec rPois rF+ Str+4 Stlth-}
   (You found it on level 5 of the Lair of Beasts)

   [ring of loudness]

   It affects your strength (+4).
   It protects you from fire.
   It insulates you from electricity.
   It protects you from poison.
   It makes you less stealthy.
 V - a +4 ring of protection (left hand)
 W - an uncursed ring of protection from magic
Wands
 k - a wand of acid (2/15)
 z - a wand of acid (6/15)
 F - a wand of paralysis (3/24)
 Z - a wand of digging (16/24)
Scrolls
 e - a scroll of fog
 h - 7 scrolls of magic mapping
 j - 9 scrolls of teleportation
 l - a scroll of blinking
 p - 3 scrolls of remove curse
 q - a scroll of identify
 r - 3 scrolls of recharging
 y - 4 scrolls of fear
 N - 3 scrolls of enchant armour
Potions
 m - 7 potions of heal wounds
 x - 2 potions of resistance
 B - a potion of cancellation
 D - 2 potions of ambrosia
 O - 9 potions of curing
 P - 3 potions of haste
 Q - 4 potions of might
 R - a potion of flight
 S - 2 potions of brilliance
 U - 5 potions of agility
Comestibles
 s - 7 royal jellies
 t - 9 meat rations
 K - 11 chunks of flesh
 M - 22 fruits
 Y - 12 bread rations


   Skills:
 + Level 12.1(11.2) Fighting
 - Level 14.0(13.0) Staves
 - Level 9.0(8.2) Dodging
 - Level 1.7(1.0) Stealth
 - Level 9.0(8.1) Spellcasting
 - Level 5.0(4.2) Conjurations
 - Level 9.0(8.2) Necromancy
 - Level 5.1(4.4) Earth Magic
 - Level 5.0(4.3) Poison Magic


You had 15 spell levels left.
You knew the following spells:

 Your Spells              Type           Power        Failure   Level  Hunger
a - Sting                 Conj/Pois      ####         1%          1    None
b - Vampiric Draining     Necr           ######....   1%          3    None
c - Stone Arrow           Conj/Erth      #####.       3%          3    None
d - Animate Dead          Necr           N/A          1%          4    #......
e - Regeneration          Chrm/Necr      #####.....   3%          3    None
m - Mephitic Cloud        Conj/Pois/Air  ####....     5%          3    None


Dungeon Overview and Level Annotations

Branches:
Dungeon (12/15)            Temple (0/1) D:4            Lair (6/6) D:8
 Shoals (0/4) Lair:3        Snake (0/4) Lair:4        Slime (0/5) Lair:6
    Orc (2/2) D:11            Elf (0/3) Orc:2

Shops:
D:4 (   D:9 [   D:10 :   Orc:2 (*[=

Annotations:
D:10 exclusion: ice statue


Innate Abilities, Weirdness & Mutations

You have an increased reservoir of magic. (+10% MP)
You have a pair of small antennae on your head.
You tend to lose your temper in combat.
You are clumsy. (Dex -2)
You are robust. (+10% HP)


Message History

a - a +3 lajatang of venom (weapon)
Partly explored, can't reach some items.
Okay, then.
As you read the scroll labeled HEGEZU KEUMOIT, it crumbles to dust.
You speak a Word of immense power!
It was a scroll of holy word.
As you read the scroll labeled PAEL SOMPUOPAZ, it crumbles to dust.
Your +3 lajatang of venom glows bright gridelin for a moment.
It was a scroll of random uselessness.
Partly explored, can't reach some items.
Search for what [Enter for "mutat", or ? for help]? .
(D) Dungeon (T) Temple (L) Lair (A) Shoals (P) Snake Pit (M) Slime Pits (O) Orcish Mines (E) Elven Halls
Where to? (Enter - Orc:1 @ (x,y), ? - help)
Okay, then.
Saving game... please wait.
Welcome back, removed the Demigod Venom Mage.
Press ? for a list of commands and other information.
Are you sure you want to abandon this character and quit the game? (Confirm with "yes".)
Okay, then.
Are you sure you want to abandon this character and quit the game? (Confirm with "yes".)

#.............P#
#........∩.....#
............P..#
.........8.....##
................#
.....P.........###
.................##
#......#..........#
........#....###@##
.........#..## ###
..#.#.......#
...#...#.#.##
..###.###### ###
### # #


There were no monsters in sight!

Vanquished Creatures
  Rupert (Orc:2)
  2 orc warlords (Orc:2)
  Snorg (Lair:3)
  Josephine (Orc:1)
  Erolcha (Orc:2)
  A catoblepas (Lair:5)
  Harold (Lair:4)
  2 centaur warriors
  9 hydras
  A merfolk avatar (Lair:6)
  3 death yaks
  4 two-headed ogres
  4 orc high priests (Orc:2)
  Sonja (D:11)
  2 unseen horrors
  A sea snake (Lair:6)
  A lindwurm (Lair:4)
  3 orc knights
  A harpy (Lair:6)
  3 cyclopes
  7 orc sorcerers
  3 manticores
  23 elephants
  Maurice (Orc:2)
  10 black mambas
  The ghost of Shiggs the Skirmisher, a novice BaFi (D:6)
  3 torpor snails
  14 spiny frogs
  2 rime drakes (Lair:6)
  2 kobold demonologists
  18 komodo dragons
  7 polar bears
  3 hornets
  4 trolls
  A wind drake (Lair:6)
  10 blink frogs
  11 hippogriffs
  2 dream sheep
  5 wyverns
  2 basilisks
  5 wraiths (D:11)
  34 yaks
  Grum (D:9)
  5 hungry ghosts (D:11)
  7 wargs
  A soldier ant (D:12)
  Duvessa (D:4)
  17 water moccasins
  8 porcupines
  31 orc warriors
  4 sky beasts
  3 ice beasts
  2 necrophages
  3 phantoms
  16 wolves
  18 ogres
  8 centaurs
  19 crocodiles
  12 bullfrogs
  2 big kobolds
  A wyvern skeleton (D:7)
  Dowan (D:4)
  12 scorpions
  13 killer bees
  4 electric eels
  5 wights
  10 howler monkeys
  3 lava snakes (Lair:4)
  7 crimson imps
  3 bullfrog zombies
  12 hounds
  2 human zombies (Ossuary)
  2 bullfrog skeletons (D:9)
  8 orc priests
  4 jellies
  19 orc wizards
  A centaur skeleton (D:11)
  3 iguanas
  A gnoll shaman (Orc:2)
  13 worker ants
  A hound zombie (D:5)
  A hound skeleton (D:8)
  3 mummies (Ossuary)
  A howler monkey zombie (D:11)
  4 gnolls
  2 scorpion zombies (Ossuary)
  23 adders
  2 shadow imps (D:6)
  2 oozes
  6 worms
  A dart slug (D:1)
  13 leopard geckos
  66 orcs
  10 bats
  6 giant cockroaches
  A goblin (D:3)
  8 hobgoblins
  5 jackals
  19 kobolds
  3 quokkas
  3 ball pythons
  6 frilled lizards
  2 gnoll zombies (Ossuary)
  5 goblin zombies (Ossuary)
  A kobold zombie (Ossuary)
  A leopard gecko skeleton (D:4)
  2 leopard gecko zombies
  2 orc zombies (Ossuary)
  A quokka skeleton (D:9)
  2 rats
695 creatures vanquished.

Vanquished Creatures (collateral kills)
  An ugly thing (D:11)
1 creature vanquished.

Vanquished Creatures (others)
  A human zombie (Ossuary)
  An orc wizard (D:12)
  A scorpion zombie (Ossuary)
  A hobgoblin zombie (Ossuary)
  A kobold zombie (Ossuary)
  2 bushes (Lair:6)
  66 fungi
  68 plants
141 creatures vanquished.

Grand Total: 837 creatures vanquished

Notes
Turn   | Place    | Note
-------+----------+-------------------------------------------
     0 | D:1      | removed the Demigod Venom Mage began the quest for the Orb.
     0 | D:1      | Reached XP level 1. HP: 14/14 MP: 5/5
    22 | D:1      | Reached skill level 1 in Conjurations
   903 | D:1      | Reached XP level 2. HP: 20/20 MP: 4/7
  1465 | D:2      | Reached XP level 3. HP: 26/26 MP: 3/8
  2401 | D:3      | Reached XP level 4. HP: 33/33 MP: 5/9
  3260 | D:3      | Found a glowing golden altar of the Shining One.
  3687 | D:3      | Learned a level 3 spell: Mephitic Cloud
  3688 | D:4      | Found Kesk's Weapon Shop.
  3691 | D:4      | Reached XP level 5. HP: 38/38 MP: 8/10
  3997 | D:4      | Found an ornate altar of the Wu Jian Council.
  4026 | D:4      | Found a staircase to the Ecumenical Temple.
  4130 | D:4      | Noticed an ogre
  4140 | D:4      | Killed an ogre
  4267 | D:4      | Found a stormy altar of Qazlal.
  4555 | D:4      | Found an opulent altar of Gozag.
  4555 | D:4      | Found a sacrificial altar of Ru.
  4649 | D:4      | Noticed Duvessa
  4649 | D:4      | Noticed Dowan
  4760 | D:5      | Entered Level 5 of the Dungeon
  4778 | D:5      | Reached XP level 6. HP: 45/45 MP: 7/11
  4812 | D:5      | Found an opulent altar of Gozag.
  4962 | D:5      | Reached skill level 1 in Fighting
  4983 | D:5      | Found a sand-covered staircase.
  4988 | Ossuary  | Entered an ossuary
  5645 | Ossuary  | Reached skill level 1 in Staves
  5808 | Ossuary  | Reached skill level 2 in Staves
  5808 | Ossuary  | Reached XP level 7. HP: 50/56 MP: 5/12
  6031 | Ossuary  | Reached skill level 3 in Staves
  6214 | Ossuary  | Reached skill level 4 in Staves
  6379 | D:5      | Reached skill level 5 in Conjurations
  6471 | D:5      | Found a white marble altar of Elyvilon.
  6577 | D:5      | Reached skill level 5 in Poison Magic
  6647 | D:5      | Reached XP level 8. HP: 62/62 MP: 6/15
  7566 | D:6      | Noticed Shiggs's ghost (novice BaFi)
  7819 | D:6      | Found a shimmering altar of Xom.
  7819 | D:6      | Found a burning altar of Makhleb.
  8751 | D:6      | Learned a level 3 spell: Vampiric Draining
  8919 | D:7      | Reached skill level 1 in Necromancy
  8981 | D:7      | Found a shadowy altar of Dithmenos.
  9112 | D:7      | Reached XP level 9. HP: 70/71 MP: 13/18
 10364 | D:8      | Learned a level 3 spell: Regeneration
 10444 | D:8      | Reached skill level 5 in Necromancy
 10500 | D:8      | Found a staircase to the Lair.
 10501 | D:8      | Noticed a komodo dragon
 10575 | D:8      | Killed a komodo dragon
 10750 | D:8      | Reached skill level 5 in Staves
 10814 | D:8      | Noticed a two-headed ogre
 10845 | D:8      | Killed a two-headed ogre
 10845 | D:8      | Reached skill level 6 in Staves
 11288 | D:8      | Noticed a two-headed ogre
 11313 | D:8      | Killed a two-headed ogre
 11313 | D:8      | Reached skill level 7 in Staves
 11313 | D:8      | Reached XP level 10. HP: 79/79 MP: 3/19
 11564 | D:8      | Reached skill level 8 in Staves
 11904 | D:9      | Found a hide-covered altar of Uskayaw.
 11906 | D:9      | Found Uvoxto's Armour Boutique.
 11942 | D:9      | Reached skill level 5 in Fighting
 12061 | D:9      | Reached skill level 5 in Dodging
 12116 | D:9      | Noticed Grum
 12891 | D:9      | Killed Grum
 13030 | D:10     | Entered Level 10 of the Dungeon
 13179 | D:10     | Noticed an ice statue
 13237 | D:10     | Noticed a two-headed ogre
 13336 | D:10     | Killed a two-headed ogre
 13498 | D:10     | Noticed a two-headed ogre
 13509 | D:10     | Reached skill level 9 in Staves
 13526 | D:10     | Killed a two-headed ogre
 13685 | D:10     | Reached XP level 11. HP: 70/89 MP: 11/20
 13717 | D:10     | Noticed a centaur warrior
 13893 | D:10     | Noticed an unseen horror
 13919 | D:10     | Killed an unseen horror
 13919 | D:10     | Reached skill level 10 in Staves
 14154 | D:10     | Found Bihyarey's Book Shop.
 14178 | D:10     | Killed a centaur warrior
 14935 | D:11     | Noticed Sonja
 14973 | D:11     | Killed Sonja
 15137 | D:11     | Noticed an unseen horror
 15144 | D:11     | Killed an unseen horror
 15151 | D:11     | Found a staircase to the Orcish Mines.
 15335 | D:11     | Reached skill level 11 in Staves
 16010 | D:11     | Found a roughly hewn altar of Beogh.
 16493 | Lair:1   | Entered Level 1 of the Lair of Beasts
 16541 | Lair:1   | Found a shattered altar of Ashenzari.
 16583 | Lair:1   | Reached skill level 12 in Staves
 17264 | Lair:1   | You fall through a shaft!
 17603 | Lair:2   | Reached XP level 12. HP: 97/97 MP: 17/21
 18216 | Lair:2   | Noticed a four-headed hydra
 18992 | Lair:3   | Found a staircase to the Shoals.
 19074 | Lair:3   | Found a blossoming altar of Fedhas.
 19448 | Lair:3   | Noticed a seven-headed hydra
 19701 | Lair:3   | Killed a seven-headed hydra
 20040 | Lair:3   | Noticed Snorg
 20168 | Lair:3   | Killed Snorg
 20312 | Lair:3   | Noticed an eight-headed hydra
 20378 | Lair:3   | Killed an eight-headed hydra
 20662 | Lair:4   | Noticed a five-headed hydra
 20691 | Lair:4   | Noticed Harold
 20705 | Lair:4   | Killed Harold
 20705 | Lair:4   | Reached skill level 13 in Staves
 20786 | Lair:4   | Noticed a seven-headed hydra
 21010 | Lair:4   | Identified the Disquisition on Confrontation
 21096 | Lair:4   | Noticed a four-headed hydra
 21380 | Lair:4   | Reached XP level 13. HP: 111/111 MP: 17/22
 21443 | Lair:4   | Found a staircase to the Snake Pit.
 21737 | Lair:2   | Learned a level 3 spell: Stone Arrow
 22165 | Lair:3   | Reached skill level 1 in Earth Magic
 23020 | Lair:4   | Reached skill level 5 in Earth Magic
 23354 | Lair:5   | Reached skill level 5 in Spellcasting
 24035 | Lair:5   | Reached skill level 14 in Staves
 24095 | Lair:5   | Learned a level 4 spell: Animate Dead
 24312 | Lair:5   | Got a clouded steel ring
 24314 | Lair:5   | Identified the ring "Zetzoy Memix" {rElec rPois rF+ Str+4 Stlth-} (You found it on level 5 of the Lair of Beasts)
 24438 | Lair:6   | Entered Level 6 of the Lair of Beasts
 25371 | Lair:6   | Reached XP level 14. HP: 68/118 MP: 14/30
 26290 | Lair:6   | Found a staircase to the Slime Pits.
 26372 | Lair:6   | Reached skill level 10 in Fighting
 27171 | D:6      | Killed Shiggs's ghost
 27277 | D:4      | Killed Dowan
 27289 | D:4      | Killed Duvessa
 28684 | Orc:1    | Entered Level 1 of the Orcish Mines
 28684 | Orc:1    | Noticed Josephine
 28748 | Orc:1    | Killed Josephine
 29338 | Orc:2    | Entered Level 2 of the Orcish Mines
 29372 | Orc:2    | Noticed Erolcha
 29393 | Orc:2    | Killed Erolcha
 29598 | Orc:2    | Noticed Maurice
 29600 | Orc:2    | Found a staircase to the Elven Halls.
 29622 | Orc:2    | Killed Maurice
 29719 | Orc:2    | Noticed an orc warlord
 29740 | Orc:2    | Killed an orc warlord
 29869 | Orc:2    | Found Nufurhur's Antique Armour Emporium.
 30073 | Orc:2    | Found Mijaliesk's General Store.
 30081 | Orc:2    | Bought a scroll of identify for 22 gold pieces
 30081 | Orc:2    | Bought a scroll of identify for 22 gold pieces
 30161 | Orc:2    | Found Doki's Jewellery Shop.
 30171 | Orc:2    | Gained mutation: You tend to lose your temper in combat. [a neqoxec]
 30173 | Orc:2    | Noticed Rupert
 30183 | Orc:1    | Lost mutation: You tend to lose your temper in combat. [potion of mutation]
 30183 | Orc:1    | Gained mutation: You have a pair of small horns on your head. [potion of mutation]
 30183 | Orc:1    | Gained mutation: Your spells are a little harder to cast, but a little more powerful. [potion of mutation]
 30185 | Orc:1    | Lost mutation: Your spells are a little harder to cast, but a little more powerful. [potion of mutation]
 30185 | Orc:1    | Lost mutation: You have a pair of small horns on your head. [potion of mutation]
 30185 | Orc:1    | Gained mutation: You tend to lose your temper in combat. [potion of mutation]
 30185 | Orc:1    | Gained mutation: Your flesh is heat resistant. (rF+) [potion of mutation]
 30186 | Orc:1    | Lost mutation: Your flesh is heat resistant. (rF+) [potion of mutation]
 30186 | Orc:1    | Gained mutation: You are robust. (+10% HP) [potion of mutation]
 30186 | Orc:1    | Gained mutation: You are clumsy. (Dex -2) [potion of mutation]
 30186 | Orc:1    | Gained mutation: You have a pair of small antennae on your head. [potion of mutation]
 30477 | Orc:2    | Killed Rupert
 30546 | Orc:2    | Noticed an orc warlord
 30576 | Orc:2    | Killed an orc warlord
 30578 | Orc:2    | Reached XP level 15. HP: 101/145 MP: 11/32
 30990 | Orc:2    | Found Ojoezocu's Antique Weapon Shoppe.
 31020 | Orc:2    | Quit the game

Vault maps used:
D:1:      minmay_arrival_doors, serial_glass, glass_columns_a, glass_columns_a,
          glass_columns_b, glass_columns_a, glass_columns_a, glass_columns_a,
          glass_columns_b, glass_columns_c, serial_bayou_pond_e,
          kennysheep_doodads
D:3:      tso_metal_star, chequers_big_river, minmay_misc_feat_tiny,
          serial_park_tiny_1, minmay_misc_feat_roman,
          minmay_misc_feat_nine_boxes, dk_noncrumbling_3, minmay_hedge_maze
D:4:      lemuel_round_altar, lemuel_crystal_altar,
          gammafunk_temple_overflow_statue, minmay_temple_entry_fiery,
          serial_shops, nicolae_shop_stone, kennysheep_cluttered_room,
          hangedman_decor_clover_reticule, corexii_item_surrounded_by_moat,
          uniq_duvessa
D:5:      old_standard_altar, first_bread, nicolae_ossuary_entry_plus,
          grunt_gozag_breadcrumbs
D:6:      grunt_temple_overflow_champion_of_chaos, st_stairs_6,
          serial_bayou_lagoon_a
D:7:      grunt_dithmenos_shadows, serial_bayou_pond_b, grunt_decor_clamped
D:8:      minmay_opposing_rooms, david_lair_shrubbed, grunt_ogre_cave
D:9:      basic_altar, serial_shops, nicolae_shop_stone, uniq_grum
D:10:     serial_shops, nicolae_shop_temple_entry_statues_fountains,
          minivault_15
D:11:     orc_0_dummy, special_room, uniq_sonja
D:12:     minmay_misc_feat_four_crosses, grunt_ministairs_3
Lair:1:   basic_altar, zaba_anthole, nicolae_quartered_pool_little
Lair:2:   lemuel_fruit_tree
Lair:3:   elwin_shoals_entry_rocks, basic_altar, serial_bayou_pond_b, uniq_snorg
Lair:4:   minmay_snake_entry_six_corridors, serial_bayou_pond_b,
          disabler_island, uniq_harold
Lair:6:   gammafunk_lair_ancient_temple, dpeg_slime_entry_corner, ldierk_geyser,
          hangedman_lair_generics_rect
Orc:1:    uniq_josephine
Orc:2:    grunt_orc_gardens, grunt_orc_garden, grunt_orc_garden,
          grunt_orc_garden, grunt_orc_garden, uniq_rupert, uniq_maurice,
          uniq_erolcha
Ossuary:  ossuary_minmay_scorpions

Skill      XL: |  1  2  3  4  5  6  7  8  9 10 11 12 13 14 15 |
---------------+----------------------------------------------+-----
Conjurations   | 2 3 4 5 |  5.0
Poison Magic   | 3 4 5 |  5.0
Fighting       | 2 4 6 9 11 12 | 12.1
Staves         | 2 4 7 9 12 13 14 | 14.0
Spellcasting   | 2 4 8 9 |  9.0
Dodging        | 4 6 7 9 |  9.0
Necromancy     | 2 6 8 9 |  9.0
Earth Magic    | 5 |  5.1
Stealth        | |  1.7

Action                   |  1- 3 |  4- 6 |  7- 9 | 10-12 | 13-15 || total
-------------------------+-------+-------+-------+-------+-------++-------
Melee: Whip              |     1 |       |       |       |       ||     1
       Mace              |       |     7 |       |       |       ||     7
       Lajatang          |       |    61 |   232 |   907 |  1615 ||  2815
       Staff             |       |       |       |    55 |       ||    55
 Fire: Blowgun           |       |       |       |       |     6 ||     6
 Cast: Sting             |   106 |   120 |   262 |   219 |    30 ||   737
       Mephitic Cloud    |       |     2 |    22 |    33 |       ||    57
       Vampiric Draining |       |       |       |    25 |    54 ||    79
       Regeneration      |       |       |       |    31 |   114 ||   145
       Stone Arrow       |       |       |       |       |    48 ||    48
Evoke: Wand              |       |     1 |     1 |    16 |     6 ||    24
       Phantom mirror    |       |       |       |     1 |       ||     1
  Use: Scroll            |     5 |     2 |     8 |    14 |     9 ||    38
       Potion            |       |       |       |     1 |     7 ||     8
 Stab: Confused          |       |       |     1 |    11 |       ||    12
       Sleeping          |       |       |       |     2 |     4 ||     6
       Distracted        |       |       |       |     1 |     1 ||     2
  Eat: Chunk             |     6 |     7 |    15 |    41 |    34 ||   103
       Bread ration      |       |     1 |     1 |     2 |     1 ||     5
       Fruit             |       |       |       |       |     1 ||     1
Armor: Robe              |     3 |     7 |    60 |   186 |   271 ||   527
       Leather armour    |       |       |       |       |   152 ||   152
       Skin              |       |       |       |       |    87 ||    87
Dodge: Dodged            |    11 |    59 |   195 |   762 |  1754 ||  2781
       Deflected         |       |     2 |       |     9 |    12 ||    23

Table legend:
 A = Spawn XP
 B = Non-spawn XP
 C = Spawn XP percentage of total XP
 D = Spawn monster count
 E = Non-spawn monster count
 F = Spawn count percentage of total count
 G = Total turns spent on level
                    A         B        C        D         E        F      G
               +---------+---------+-------+---------+---------+-------+---------
         Total |       0 |  124080 |   0.0 |       0 |     698 |   0.0 | 31020
               +---------+---------+-------+---------+---------+-------+---------
           D:1 |       0 |      40 |   0.0 |       0 |      12 |   0.0 |  1396
           D:2 |       0 |      72 |   0.0 |       0 |      28 |   0.0 |   951
           D:3 |       0 |     120 |   0.0 |       0 |      20 |   0.0 |  1341
           D:4 |       0 |     470 |   0.0 |       0 |      15 |   0.0 |  1338
           D:5 |       0 |     491 |   0.0 |       0 |      13 |   0.0 |  1009
           D:6 |       0 |    1695 |   0.0 |       0 |      28 |   0.0 |  1965
           D:7 |       0 |    1159 |   0.0 |       0 |      25 |   0.0 |  1316
           D:8 |       0 |    3922 |   0.0 |       0 |      47 |   0.0 |  1954
           D:9 |       0 |    1960 |   0.0 |       0 |      18 |   0.0 |   907
          D:10 |       0 |    5884 |   0.0 |       0 |      36 |   0.0 |  1518
          D:11 |       0 |   11135 |   0.0 |       0 |      95 |   0.0 |  2467
          D:12 |       0 |    3356 |   0.0 |       0 |      27 |   0.0 |   615
        Lair:1 |       0 |    1699 |   0.0 |       0 |      13 |   0.0 |  1136
        Lair:2 |       0 |    5130 |   0.0 |       0 |      23 |   0.0 |  1671
        Lair:3 |       0 |    9729 |   0.0 |       0 |      29 |   0.0 |  2004
        Lair:4 |       0 |   13920 |   0.0 |       0 |      61 |   0.0 |  1976
        Lair:5 |       0 |   11649 |   0.0 |       0 |      31 |   0.0 |  1274
        Lair:6 |       0 |   26429 |   0.0 |       0 |      69 |   0.0 |  2537
         Orc:1 |       0 |    5366 |   0.0 |       0 |      19 |   0.0 |   962
         Orc:2 |       0 |   19051 |   0.0 |       0 |      62 |   0.0 |  1329
       Ossuary |       0 |     803 |   0.0 |       0 |      27 |   0.0 |  1354
               +---------+---------+-------+---------+---------+-------+---------
